 Dungeon Crawl Stone Soup version 0.19-a0-1908-g43c011f (webtiles) character file.

5399 Trimerus the Cleaver (level 10, -1/90 HPs)
             Began as a Minotaur Fighter on Oct 22, 2016.
             Was an Elder of Okawaru.
             Killed from afar by Erica (10 damage)
             ... with a bolt of poison
             ... on level 9 of the Dungeon.
             The game lasted 00:18:08 (8214 turns).

Trimerus the Cleaver (Minotaur Fighter)             Turns: 8214, Time: 00:18:09

Health: -1/90      AC: 13    Str: 24    XL:     10   Next: 40%
Magic:  23/23      EV: 10    Int:  5    God:    Okawaru [****..]
Gold:   443        SH: 13    Dex: 13    Spells: 0 memorised, 15 levels left

rFire  . . .     SeeInvis .     u - +3 war axe
rCold  . . .     Gourm    .     j - +0 chain mail
rNeg   . . .     Faith    .     c - +0 shield
rPois  .         Spirit   .     (helmet restricted)
rElec  .         Reflect  +     (no cloak)
rCorr  .         Harm     .     b - +1 pair of gloves
MR     .....                    (no boots)
Stlth  ..........               D - amulet of Tuvvut {Reflect MP+9 Dex+3 Slay+3 SH+2}
                                (no ring)
                                C - ring of flight

@: lethally poisoned (-1 -> -8), slowed, very slow
A: retaliatory headbutt, horns 2
a: Heroism, Renounce Religion, Evoke Flight


You were on level 9 of the Dungeon.
You worshipped Okawaru.
Okawaru was greatly pleased with you.
You were not hungry.

You visited 2 branches of the dungeon, and saw 10 of its levels.

You collected 443 gold pieces.

Inventory:

Hand Weapons
 u - a +3 war axe (weapon)
Armour
 b - a +1 pair of gloves (worn)
 c - a +0 shield (worn)
 j - a +0 chain mail (worn)
Jewellery
 B - an uncursed amulet of faith {unknown}
 C - a ring of flight (left hand)
 D - the amulet of Tuvvut (around neck) {Reflect MP+9 Dex+3 Slay+3 SH+2}
   (You found it on level 7 of the Dungeon)

   [amulet of reflection]

   It shields you and reflects attacks.
   It affects your dexterity (+3).
   It affects your accuracy and damage with ranged weapons and melee attacks
   (+3).
   It affects your magic capacity (+9).
   It affects your SH (+2).
Wands
 d - a wand of enslavement (7/24)
 r - a wand of lightning (7/15)
 w - a wand of disintegration (13/24)
 y - a wand of digging (14/24)
 z - a wand of confusion (16/48)
 G - a wand of disintegration (16/24)
 H - a wand of lightning (6/15)
Scrolls
 i - a scroll of magic mapping
 k - 2 scrolls of fear
 o - 3 scrolls of fog
 p - a scroll of remove curse
 x - a scroll of recharging
 E - a scroll of amnesia
 F - a scroll of teleportation
Potions
 e - a potion of magic
 n - a potion of curing
 t - 2 potions of lignification {unknown}
 v - a potion of flight
 A - a potion of brilliance
Books
 a - a book of Misfortune

   Spells                             Type                      Level
   a - Confusing Touch                Hexes                        1
   b - Confuse                        Hexes                        3
   c - Gell's Gravitas                Hexes/Translocation          3
   d - Petrify                        Transmutation/Earth          4
   e - Metabolic Englaciation         Hexes/Ice                    5
   f - Yara's Violent Unravelling     Hexes/Transmutation          5
Comestibles
 f - 7 bread rations
 g - 4 fruits
 h - 4 royal jellies
 l - 4 beef jerkies
 m - 4 slices of pizza
 q - 4 meat rations


   Skills:
 + Level 8.4 Fighting
 * Level 10.3 Axes
 + Level 7.9 Armour
 + Level 6.3 Dodging
 + Level 8.0 Shields
 + Level 3.4 Spellcasting


You had 15 spell levels left.
You didn't know any spells.

Dungeon Overview and Level Annotations

Branches:
Dungeon (9/15)             Temple (1/1) D:4
   Lair: D:8-11         Orc: D:9-12

Altars:
Ashenzari
Cheibriados
Dithmenos
Elyvilon
Fedhas
Gozag
Hepliaklqana
Kikubaaqudgha
Makhleb
Nemelex Xobeh
Okawaru
Qazlal
Ru
Sif Muna
Trog
Uskayaw
Vehumet
Xom
Yredelemnul
Zin
The Shining One

Shops:
D:2 *   D:5 *

Annotations:
D:9 Erica


Innate Abilities, Weirdness & Mutations

You reflexively headbutt those who attack you in melee.
You have a pair of horns on your head.


Message History

You hear some strange, mumbled words.
A bolt of poison appears from out of thin air!
The bolt of poison hits you!
You are more poisoned.
* * * LOW HITPOINT WARNING * * *
Something hits you.
* * * LOW HITPOINT WARNING * * *
Something burns you.
* * * LOW HITPOINT WARNING * * *
You feel better.
You hear some strange, mumbled words.
An orb of energy appears from out of thin air!
The orb of energy hits you!
* * * LOW HITPOINT WARNING * * *
You feel better.
You hear some strange, mumbled words.
A bolt of poison appears from out of thin air!
The bolt of poison hits you!
You are poisoned.
You die...

#.##.. #....# #######.##.#
#....# #.....#.##.#. #....#
#...[.#.##.#.# #....#
#....<#.##.#.. #...###
#...[[[....##.# ##...##.
#.......##..#..######....##<
#.....#.....##..#...........
#.....#.#.{@.##.#.....####..
#######.##....#.......# #..
#.###...........####.. #.#
##.#.............. #.#
#.#.#......##.... .. #.#
#[#........#..#.. ... #.#
#.÷..........##.. ....
##.####÷.##..))...÷##..
#....###........###..)#.......


There were no monsters in sight!

Vanquished Creatures
  A hill giant (D:8)
  A hippogriff (D:8)
  Grum (D:9)
  A hungry ghost (D:8)
  Menkaure (D:7)
  2 hell hounds (D:9)
  A black bear (D:8)
  2 ice beasts
  3 orc warriors
  3 phantoms (D:5)
  An ogre (D:7)
  4 wolves (D:9)
  3 centaurs
  7 bullfrogs
  A scorpion (D:4)
  A water moccasin skeleton (D:8)
  3 killer bees (D:7)
  8 wights
  A howler monkey (D:9)
  A centaur zombie (D:7)
  2 crimson imps
  A bullfrog zombie (D:6)
  4 hounds
  3 jellies
  4 orc priests
  2 bullfrog skeletons
  2 iguanas (D:9)
  14 orc wizards
  11 worker ants
  A hound skeleton (D:7)
  Robin (D:3)
  15 adders
  6 gnolls
  3 howler monkey skeletons
  An ooze (D:2)
  3 adder skeletons
  3 dart slugs
  9 leopard geckos
  30 orcs
  2 ball pythons
  5 bats
  6 giant cockroaches
  21 goblins
  7 hobgoblins
  7 jackals
  10 kobolds
  3 quokkas
  5 frilled lizards
  A leopard gecko skeleton (D:4)
  8 rats
236 creatures vanquished.

Notes
Turn   | Place    | Note
-------+----------+-------------------------------------------
     0 | D:1      | Trimerus the Minotaur Fighter began the quest for the Orb.
     0 | D:1      | Reached XP level 1. HP: 19/19 MP: 0/0
    61 | D:1      | Reached XP level 2. HP: 25/27 MP: 1/1
   730 | D:1      | Reached XP level 3. HP: 33/33 MP: 2/2
   784 | D:1      | Reached skill level 3 in Axes
   940 | D:2      | Reached skill level 1 in Dodging
   995 | D:2      | Reached XP level 4. HP: 34/40 MP: 3/3
  1150 | D:2      | Found an opulent altar of Gozag.
  1152 | D:2      | Found Gozag's Platinum Reserve.
  1349 | D:2      | Found a faded altar of an unknown god.
  1754 | D:3      | Noticed Robin
  1764 | D:3      | Reached XP level 5. HP: 31/46 MP: 4/4
  1769 | D:3      | Killed Robin
  1769 | D:3      | Reached skill level 4 in Axes
  2307 | D:3      | Found a snail-covered altar of Cheibriados.
  2545 | D:4      | Found a staircase to the Ecumenical Temple.
  2554 | Temple   | Entered the Ecumenical Temple
  2985 | D:4      | Reached XP level 6. HP: 47/53 MP: 6/6
  2994 | D:4      | Noticed an orc warrior
  3004 | D:4      | Killed an orc warrior
  3004 | D:4      | Reached skill level 5 in Shields
  3004 | D:4      | Reached skill level 1 in Spellcasting
  3010 | D:4      | Reached skill level 5 in Axes
  3320 | D:4      | Reached skill level 5 in Fighting
  3611 | D:4      | Found a glowing golden altar of the Shining One.
  3639 | D:5      | Entered Level 5 of the Dungeon
  3649 | D:5      | Reached skill level 5 in Armour
  3651 | D:5      | Reached XP level 7. HP: 56/61 MP: 7/7
  3920 | D:5      | Found Pisch's Assorted Antiques.
  3948 | D:5      | Reached skill level 6 in Axes
  4115 | D:5      | Reached XP level 8. HP: 50/69 MP: 9/9
  4936 | D:6      | Reached skill level 7 in Axes
  5263 | D:6      | Found an iron altar of Okawaru.
  5272 | D:6      | Became a worshipper of Warmaster Okawaru
  5591 | D:7      | Found a sacrificial altar of Ru.
  5629 | D:7      | Found a shadowy altar of Dithmenos.
  5629 | D:7      | Found a stormy altar of Qazlal.
  5629 | D:7      | Found a sparkling altar of Nemelex Xobeh.
  5648 | D:7      | Reached * piety under Okawaru
  6066 | D:7      | Reached skill level 8 in Axes
  6066 | D:7      | Reached XP level 9. HP: 77/78 MP: 11/11
  6385 | D:7      | Got a glittering ivory amulet
  6386 | D:7      | Identified the amulet of Tuvvut {Reflect MP+9 Dex+3 Slay+3 SH+2} (You found it on level 7 of the Dungeon)
  6660 | D:7      | Noticed Menkaure
  6678 | D:7      | Killed Menkaure
  6759 | D:8      | Reached skill level 5 in Dodging
  7192 | D:8      | Reached ** piety under Okawaru
  7226 | D:8      | Reached skill level 9 in Axes
  7284 | D:8      | Noticed a hill giant
  7290 | D:8      | Killed a hill giant
  7485 | D:8      | Reached *** piety under Okawaru
  7554 | D:9      | Reached XP level 10. HP: 75/88 MP: 13/13
  7722 | D:9      | Reached skill level 10 in Axes
  7859 | D:9      | Noticed Grum
  7872 | D:9      | Reached **** piety under Okawaru
  7880 | D:9      | Killed Grum
  8096 | D:9      | Noticed Erica
  8213 | D:9      | HP: 3/90 [something/orb of energy (13)]
  8214 | D:9      | Killed from afar by Erica

Vault maps used:
D:1:      tarquinn_simple_flora_water_c, minivault_26
D:2:      nicolae_gozag_zags_fifth_avenue, ecumenical_altar_1,
          kennysheep_generic_room_12
D:3:      lemuel_coloured_pillars_altar, first_bread, uniq_robin
D:4:      tso_oasis_becter
D:5:      serial_shops, shop_statue
D:6:      kennysheep_okawaru_gauntlet
D:7:      grunt_temple_overflow_open, uniq_menkaure
D:9:      minmay_lair_entry_lava, uniq_grum, uniq_erica
Temple:   nicolae_temple_figure_eight

Skill      XL: |  1  2  3  4  5  6  7  8  9 10 |
---------------+-------------------------------+-----
Fighting       | 4 5 6 7 8 |  8.4
Axes           | 3 4 5 6 8 9 10 | 10.3
Shields        | 4 5 6 7 8 |  8.0
Dodging        | 1 2 3 4 5 6 |  6.3
Armour         | 4 5 6 7 |  7.9
Spellcasting   | 1 2 3 |  3.4

Action                   |  1- 3 |  4- 6 |  7- 9 | 10-12 || total
-------------------------+-------+-------+-------+-------++-------
Melee: War axe           |    84 |   176 |   277 |    93 ||   630
       Headbutt          |    10 |    23 |    44 |    22 ||    99
Invok: Heroism           |       |       |     1 |       ||     1
  Use: Scroll            |       |     9 |     6 |       ||    15
       Potion            |       |     2 |     3 |     2 ||     7
  Eat: Chunk             |       |     8 |    12 |     2 ||    22
       Fruit             |       |       |     5 |       ||     5
Armor: Scale mail        |    34 |    79 |       |       ||   113
       Chain mail        |       |     8 |   157 |    23 ||   188
Dodge: Dodged            |    31 |    73 |    89 |    32 ||   225
Block: Shield            |    30 |   113 |   171 |    61 ||   375
       Reflection        |       |       |       |     1 ||     1
